Map: Site Delta LE

Players

A.I. 1 (Very Easy)

  • Race: Protoss Protoss
  • Spawn Location: 5:00

TheBread - Winner!

  • Race: Terran Terran
  • League: Gold
  • Spawn Location: 11:00

VOD

Have the link to the VOD?

Description

Time

  • Played on: April 20, 2024, 8:37 a.m.
  • Length: 6:37
Show
View Real Time Build Order
Export as new Build Order

A.I. 1 (Very Easy) Protoss 

Build Orders:  

Get SALT Encoding   

  12  0:00  Probe  
  13  0:13  Probe  
  14  0:19  Pylon  
  14  0:36  Assimilator  
  14  0:43  Gateway  
  14  0:47  Pylon  
  14  1:14  Assimilator  
  14  1:23  Probe  
  14  1:32  Cybernetics Core, Probe  
  15  1:33  Zealot  
  18  1:40  Probe  
  19  1:50  Probe  
  20  2:00  Probe  
  21  2:08  Warp Gate, Probe  
  22  2:43  Stalker  
  24  6:13  Stalker, Probe  
  24  6:17  Pylon  
  21  6:21  Probe  
Show
View Real Time Build Order
Export as new Build Order

TheBread Terran - Winner!

Build Orders: Liberator Opening, Mech 

Get SALT Encoding   

  12  0:00  SCV  
  13  0:12  SCV  
  14  0:17  Supply Depot  
  14  0:26  SCV  
  15  0:39  SCV  
  15  0:40  Barracks  
  16  0:45  Refinery  
  16  0:51  SCV  
  16  0:56  Refinery  
  17  1:03  SCV  
  18  1:15  SCV  
  19  1:27  Supply Depot  
  19  1:28  Barracks Reactor  
  19  1:29  Orbital Command  
  19  1:44  Factory  
  19  1:54  SCV  
  20  2:04  Marine x2  
  20  2:06  SCV  
  23  2:14  Supply Depot  
  23  2:18  SCV  
  23  2:22  Marine x2  
  26  2:30  Factory Tech Lab  
  26  2:31  SCV  
  26  2:34  Starport  
  27  2:40  Marine x2  
  29  2:48  Supply Depot  
  29  2:55  Siege Tank  
  32  2:58  Marine  
  32  2:59  Marine  
  32  3:03  SCV  
  35  3:13  Liberator  
  38  3:20  SCV  
  38  3:23  Marine  
  38  3:24  Marine  
  41  3:34  Supply Depot  
  41  3:44  SCV  
  41  3:46  Factory Reactor  
  41  3:47  Marine x2  
  44  3:56  SCV  
  45  4:21  Command Center, SCV  
  45  4:23  Marine  
  47  4:24  Stimpack  
  47  4:25  Medivac x2  
  52  4:38  SCV  
  52  4:41  Marine  
  52  4:42  Supply Depot  
  53  4:52  SCV  
  54  4:58  Marine  
  55  5:06  Factory, SCV  
  56  5:09  Factory  
  56  5:26  SCV  
  57  5:35  Orbital Command  
  57  5:38  SCV  
  58  5:46  Cyclone x2  
  62  5:51  Viking x2  
  62  5:53  Factory Tech Lab, Factory Reactor  
  66  6:14  SCV x2  
Tags
 
Composition
Mech
League
Gold
Matchup
PvT
Spawn Locations
Cross Positions
Add a new tag
Caveats
  • Supply blocks, unpowered buildings, or Contaminate may cause inaccurate times.
  • Supply counts are checked every 10 seconds.